AoeStats
← MarXthedruid

Glade

510358027Analyzed
1v1 RM · 1d ago on Sep 30, 2026· 46m 0s· 2 players
Game mode
Random Map
Map size
Tiny (2 player)
Population
200
Speed
Normal
Resources
Standard
Victory
Conquest
Starting age
Dark Age
Ending age
Imperial Age
RankedLock teamsTeams togetherTeam positionsShared explorationLock speedFull tech treeHidden civsTurbo modeCheats
Victory
Defeat
🇬🇧 Danes · United Kingdom
1158
+15
🇦🇷 Saracens · Argentina
1141
-15
AM
6:14 Loom
13:54 Feudal Age
15:21 Wheelbarrow
14:38 Double-Bit Axe
15:33 Fletching
25:09 Castle Age
26:26 Hand Cart
29:39 Bow Saw
29:11 Horse Collar
33:15 Imperial Age
30:42 Stone Mining
40:08 Bloodlines
39:58 Husbandry
40:19 Bodkin Arrow
40:52 Scale Barding Armor
46:01 Forging
MarXthedruid
4:06 Loom
11:01 Feudal Age
11:23 Man-at-Arms
12:41 Double-Bit Axe
15:38 Fletching
21:54 Castle Age
20:19 Horse Collar
22:08 Padded Archer Armor
21:57 Crossbowman
23:20 Wheelbarrow
22:58 Bodkin Arrow
26:17 Scale Mail Armor
26:27 Forging
32:55 Bow Saw
34:21 Chain Mail Armor
40:53 Imperial Age
38:10 Town Watch
39:17 Ballistics
38:54 Murder Holes
39:38 Leather Archer Armor
40:51 Thumb Ring
40:58 Heavy Plow
42:13 Heavy Scorpion
44:04 Hand Cart
45:07 Chemistry
44:19 Capped Ram
45:38 Bracer
46:09 Ring Archer Armor
46:35 Town Patrol
Connection lost

Rejoining the realm…

Still unreachable

The connection could not be restored.

Session expired

The server has moved on; the page needs a fresh start.